AoeStats
← iAlejandrouae

MegaRandom

507699681Analyzed
4v4 RM · 12d ago on Sep 19, 2026· 41m 0s· 8 players
Game mode
Random Map
Map size
Large (8 player)
Population
200
Speed
Normal
Resources
Standard
Victory
Conquest
Starting age
Dark Age
Ending age
Imperial Age
RankedLock teamsTeams togetherTeam positionsShared explorationLock speedFull tech treeHidden civsTurbo modeCheats
Victory
Defeat
1722
+11
🇹🇼 Shu · Taiwan
1644
+14
🇯🇵 Portuguese · Japan
1636
+14
🇨🇳 Vietnamese · China
1581
+18
1638
-16
🇵🇹 Wu · Portugal
1615
-15
🇦🇷 Spanish · Argentina
1585
-13
🇨🇳 Bohemians · China
1565
-13
鼠條
8:49 Loom
10:53 Feudal Age
11:29 Double-Bit Axe
15:59 Castle Age
14:56 Fletching
15:10 Padded Archer Armor
15:19 Horse Collar
15:41 Fishing Lines
16:18 Crossbowman
17:28 Scale Mail Armor
17:24 Bodkin Arrow
18:09 Leather Archer Armor
19:49 Bow Saw
20:25 Wheelbarrow
21:04 Thumb Ring
23:01 Heavy Plow
27:37 Gold Mining
27:39 Stone Mining
28:26 Hand Cart
32:41 Imperial Age
32:40 Ballistics
32:31 Masonry
33:20 Gold Shaft Mining
33:01 Town Watch
33:09 Gillnets
33:07 Arbalester
35:10 Chemistry
34:24 Bracer
34:56 Ring Archer Armor
35:32 Conscription
35:34 Bolt Magazine
40:31 Capped Ram
41:41 Forging
41:36 Scale Barding Armor
41:33 Town Patrol
happy gay
7:49 Loom
11:01 Feudal Age
14:39 Castle Age
12:47 Double-Bit Axe
13:21 Horse Collar
16:22 Bow Saw
18:52 Fervor
20:19 Wheelbarrow
28:02 Imperial Age
25:39 Town Watch
26:24 Stone Mining
26:25 Gold Mining
27:02 Heavy Plow
29:13 Conscription
29:15 Hand Cart
28:53 Treadmill Crane
30:14 Chemistry
29:21 Siege Engineers
30:05 Crop Rotation
30:39 Elite Organ Gun
33:11 Chemistry
32:14 Scale Mail Armor
32:26 Forging
33:24 Masonry
34:48 Arquebus
34:48 Circumnavigation
34:13 Pikeman
35:49 Chain Mail Armor
35:47 Halberdier
37:27 Plate Mail Armor
37:34 Iron Casting
trói em vào cột điện
11:40 Feudal Age
15:13 Castle Age
13:16 Double-Bit Axe
14:11 Fishing Lines
15:49 Fletching
16:12 Bow Saw
16:31 Bodkin Arrow
22:40 Wheelbarrow
21:58 Gillnets
24:55 Loom
28:05 Medium Warships
33:18 Imperial Age
32:16 Padded Archer Armor
32:44 Ballistics
33:13 Hand Cart
33:27 Masonry
33:34 Husbandry
33:44 Bloodlines
34:14 Bracer
35:49 Chemistry
35:21 Parthian Tactics
36:39 Leather Archer Armor
37:26 Elite Mangudai
39:20 Conscription
39:23 Thumb Ring
40:55 Siege Engineers
歪歪老登
9:02 Loom
11:19 Feudal Age
16:47 Castle Age
15:57 Double-Bit Axe
16:03 Gold Mining
16:04 Fletching
15:59 Fishing Lines
17:38 Bodkin Arrow
17:55 Bow Saw
19:26 Padded Archer Armor
23:39 Husbandry
24:20 Bloodlines
26:42 Wheelbarrow
26:00 Horse Collar
28:20 Ballistics
29:24 Thumb Ring
29:24 Heavy Plow
31:42 Hand Cart
35:07 Imperial Age
33:44 Leather Archer Armor
35:15 Heavy Cavalry Archer
35:56 Bracer
36:57 Chemistry
36:48 Ring Archer Armor
37:21 Two-Man Saw
36:13 Stone Mining
38:00 Ring Archer Armor
39:32 Town Watch
41:31 Paper Money
41:14 Chatras
VX | Obligame Perro!
4:48 Loom
12:18 Feudal Age
16:09 Castle Age
14:05 Double-Bit Axe
14:49 Gold Mining
16:03 Scale Barding Armor
17:02 Bloodlines
19:42 Chain Barding Armor
19:49 Bloodlines
20:02 Husbandry
23:33 Forging
26:29 Wheelbarrow
26:54 Iron Casting
30:12 Hand Cart
33:42 Imperial Age
34:23 Padded Archer Armor
35:01 Plate Barding Armor
33:48 Cavalier
39:24 Paladin
Santoryu
8:03 Loom
10:26 Feudal Age
11:54 Double-Bit Axe
19:37 Castle Age
18:18 Gold Mining
18:25 Horse Collar
19:39 Fletching
19:57 Crossbowman
20:33 Bodkin Arrow
21:53 Bow Saw
23:07 Wheelbarrow
25:58 Ballistics
26:06 Padded Archer Armor
28:35 Hand Cart
29:13 Medium Warships
32:56 Imperial Age
32:54 Gold Shaft Mining
32:10 Stone Mining
33:33 Leather Archer Armor
33:23 Heavy Plow
34:09 Heavy Warships
33:36 Arbalester
35:21 Chemistry
34:32 Masonry
34:17 Murder Holes
34:11 Fishing Lines
34:38 Bracer
35:24 Conscription
36:49 Elite Skirmisher
iAlejandrouae
8:38 Loom
13:20 Feudal Age
17:01 Castle Age
15:16 Double-Bit Axe
15:28 Fishing Lines
18:22 Bow Saw
18:27 Gillnets
19:31 Town Watch
20:24 Padded Archer Armor
24:04 Bloodlines
25:08 Leather Archer Armor
26:38 Horse Collar
27:38 Wheelbarrow
28:23 Fletching
29:27 Husbandry
32:16 Imperial Age
30:38 Caravan
31:06 Scale Barding Armor
31:11 Forging
32:10 Chain Barding Armor
32:17 Masonry
33:15 Iron Casting
32:21 Cavalier
34:20 Plate Barding Armor
34:26 Paladin
36:32 Blast Furnace
海的盒子
8:42 Loom
10:40 Feudal Age
14:41 Castle Age
13:00 Double-Bit Axe
13:17 Horse Collar
15:53 Bow Saw
23:55 Wheelbarrow
31:27 Imperial Age
29:34 Fletching
30:08 Caravan
31:12 Hand Cart
32:33 Conscription
33:18 Chemistry
32:15 Bodkin Arrow
33:24 Two-Man Saw
33:12 Bracer
33:47 Ballistics
34:13 Padded Archer Armor
34:04 Houfnice
35:35 Guilds
35:44 Siege Engineers
38:56 Two-Man Saw
38:59 Leather Archer Armor
38:56 Masonry
Connection lost

Rejoining the realm…

Still unreachable

The connection could not be restored.

Session expired

The server has moved on; the page needs a fresh start.